 Dungeon Crawl Stone Soup version 0.28.0-45-g0d030f2227 (webtiles) character file.

Game seed: 8541849344214520958

459 seaoflcl the Covered (level 7, -2/48 (53) HPs)
             Began as a Human Fighter on Apr 10, 2022.
             Was an Initiate of Ashenzari.
             Slain by a wight
             ... wielding a +3 great sword
              (11 damage)
             ... on level 3 of the Dungeon.
             The game lasted 00:08:18 (4041 turns).

seaoflcl the Covered (Human Fighter)                Turns: 4041, Time: 00:08:18

HP:   -2/48 (53)    AC:  9    Str: 18    XL:     7   Next: 27%
MP:   7/7           EV:  9    Int:  6    God:    Ashenzari [......]
Gold: 169           SH:  4    Dex: 12    Spells: 6/6 levels left

rFire   . . .      SeeInvis .   w - +5 mace of Fuagin {drain, rElec Will+ Int-3}
rCold   . . .      Faith    .   c - +0 buckler
rNeg    . . .      Spirit   .   b - +0 scale mail
rPois   .          Reflect  .   s - +0 helmet
rElec   +          Harm     .   (no cloak)
rCorr   .          Rampage  .   (no gloves)
Will    +....                   t - +0 pair of boots
Stlth   ..........              (no amulet)
HPRegen 0.16/turn               (no ring)
MPRegen 0.10/turn               (no ring)

@: hasted, drained, very quick
A: no striking features
a: Renounce Religion, Curse Item


You were on level 3 of the Dungeon.
You worshipped Ashenzari.
Ashenzari was noncommittal.
You visited 1 branch of the dungeon, and saw 4 of its levels.

You collected 169 gold pieces.

Inventory:

Hand Weapons
 a - a +0 long sword
 n - a +3 hand axe of electrocution
 r - a +1 vorpal spear
 w - the +5 mace of Fuagin (weapon) {drain, rElec Will+ Int-3}
   (You found it on level 4 of the Dungeon)

   A truly terrible weapon, it drains the life of any living foe it strikes.
   Int:       It affects your intelligence (-3).
   rElec:     It insulates you from electricity.
   Will:      It increases your willpower.
 x - the +2 mace "Araacat" {venom, Fragile Will++ Dex+5}
   (You found it on level 4 of the Dungeon)

   It poisons the flesh of those it strikes.
   Dex:       It affects your dexterity (+5).
   Fragile:   It will be destroyed if unequipped.
   Will:      It greatly increases your willpower.
 z - a +3 hunting sling
Missiles
 i - 95 stones (quivered)
Armour
 b - a +0 scale mail (worn)
 c - a +0 buckler (worn)
 s - a +0 helmet (worn)
 t - a +0 pair of boots (worn)
Wands
 m - a wand of digging (2)
 u - a wand of flame (18)
Scrolls
 e - a scroll of magic mapping {unknown}
 f - a scroll of immolation {unknown}
 g - a scroll of enchant armour {unknown}
 l - a scroll of amnesia
 q - 2 scrolls of teleportation {unknown}
 y - a scroll of identify
Potions
 d - 3 potions of might
 h - a potion of mutation
 j - a potion of haste
 k - a potion of brilliance
 o - a potion of curing {unknown}
 v - a potion of flight {unknown}


   Skills:
 + Level 3.8 Fighting
 + Level 3.8 Long Blades
 - Level 2.3(2.6) Axes
 * Level 1.4(2.1) Maces & Flails
 + Level 4.8 Armour
 + Level 1.1 Dodging
 + Level 0.8 Stealth
 + Level 3.6 Shields


You had 6 spell levels left.
You didn't know any spells.
Your spell library contained the following spells:

 Spells                   Type           Power      Damage    Failure   Level
 Magic Dart               Conj           0%         1d3       89%         1
 Call Imp                 Summ           0%         N/A       96%         2
 Sublimation of Blood     Necr           0%         N/A       96%         2
 Mephitic Cloud           Conj/Pois/Air  0%         N/A       99%         3
 Petrify                  Tmut/Erth      0%         N/A       100%        4
 Irradiate                Conj/Tmut      0%         3d14      100%        5


Dungeon Overview and Level Annotations

Branches:
Dungeon (4/15)
 Temple: D:4-7

Altars:
Ashenzari
Qazlal

Annotations:
D:4 2 runed translucent doors


Message History

The wight hits you with a +0 long sword.
You feel drained. The wight barely misses you.
You sock the wight!
The wight is almost destroyed.
The wight hits you with a +0 long sword.
The wight hits you from afar with a +3 trident!
A wight comes into view. It is wielding a +0 great sword.
The wight closely misses you.
You are too injured to fight recklessly!
You are too injured to fight recklessly!
Unknown command.
You hit the wight.
You destroy the wight!
Your life force feels restored.
Things that are here:
a +0 long sword; a +0 robe A wight comes into view.
It is wielding a +3 great sword.
You block the wight's attack. The wight hits you with a +3 trident.
You feel drained.
There is an open door here.
Things that are here:
a +0 dagger; a +0 robe You hit the wight.
The wight is lightly damaged.
The wight hits you but does no damage. The wight hits you with a +3 trident.
You feel drained. The wight barely misses you. x2
The wight hits you with a +3 trident!
* * * LOW HITPOINT WARNING * * *
You feel drained.
* * * LOW HITPOINT WARNING * * *
Things that are here:
a +0 long sword; a +0 robe The wight closely misses you.
There is an escape hatch in the ceiling here.
A mysterious force pulls you upwards. The hatch slams shut behind you.
Okay, then.
Okay, then.
You feel yourself speed up.
The wight hits you with a +3 great sword!
You die...

......#.....#..#
#............#
###..##...#.##.#
#............# #
##.##........# #............#
#....##...(.## #............#
######.......####.......#...#
#..........##.....##...#
#..........#########...#
#.......z..# #####
#.......@..# ############


You could see a wight.

Vanquished Creatures
  A centaur (D:4)
  A water moccasin skeleton (D:4)
  2 wights (D:4)
  A bullfrog skeleton (D:4)
  Terence (D:3)
  Jessica (D:3)
  Ijyb (D:4)
  An iguana (D:4)
  2 adders
  4 worms
  A dart slug (D:3)
  7 orcs
  12 endoplasms
  3 giant cockroaches
  3 goblins
  9 hobgoblins
  4 kobolds
  A quokka (D:1)
  10 ball pythons
  6 bats
  A frilled lizard (D:2)
  12 rats
84 creatures vanquished.

Notes
Turn   | Place    | Note
-------+----------+-------------------------------------------
     0 | D:1      | seaoflcl the Human Fighter began the quest for the Orb.
     0 | D:1      | Reached XP level 1. HP: 18/18 MP: 1/1
    74 | D:1      | Reached XP level 2. HP: 14/24 MP: 2/2
   556 | D:1      | Reached XP level 3. HP: 27/29 MP: 3/3
  1216 | D:1      | Found a faded altar of an unknown god.
  1891 | D:2      | Reached XP level 4. HP: 35/35 MP: 4/4
  2394 | D:3      | Noticed Jessica
  2407 | D:3      | Killed Jessica
  2408 | D:3      | Reached skill level 4 in Armour
  2430 | D:3      | Noticed Terence
  2446 | D:3      | Reached XP level 5. HP: 41/41 MP: 5/5
  2459 | D:3      | Killed Terence
  2866 | D:3      | Found a broken altar of Ashenzari.
  2874 | D:3      | Became a worshipper of Ashenzari the Shackled
  3205 | D:4      | Found a stormy altar of Qazlal.
  3215 | D:4      | Found a large runed translucent door.
  3262 | D:4      | Found a stormy altar of Qazlal.
  3268 | D:4      | Reached XP level 6. HP: 28/47 MP: 6/6
  3479 | D:4      | Noticed Ijyb
  3495 | D:4      | Killed Ijyb
  3496 | D:4      | Reached skill level 1 in Axes
  3718 | D:4      | Found a large runed translucent door.
  3718 | D:4      | Found a large runed translucent door.
  3758 | D:4      | Found a large runed translucent door.
  3770 | D:4      | Identified the +2 mace "Araacat" {venom, Fragile Will++
                  | Dex+5}
  3771 | D:4      | Identified the +5 mace of Fuagin {drain, rElec Will+ Int-3}
  3830 | D:4      | Reached XP level 7. HP: 48/53 MP: 7/7
  3998 | D:4      | Reached skill level 1 in Maces & Flails
  3998 | D:4      | Reached skill level 1 in Dodging
  4041 | D:3      | Slain by a wight

Illustrated notes

Levels and vault maps discovered:
D:1:      minmay_arrival_checkered_box, layout_basic,
          chequers_ecumenical_altar_grove, serial_forest,
          infiniplex_forest_diagonal, infiniplex_forest_clump_small,
          infiniplex_forest_clump_tiny, infiniplex_forest_lined_4_way,
          infiniplex_forest_straight_3
D:2:      layout_loops_cross
D:3:      layout_rooms, lemuel_coloured_pillars_altar, uniq_terence,
          uniq_jessica
D:4:      layout_basic, nicolae_qazlal_general_emergency, kennysheep_diamond,
          minmay_hollow_rounded_squares, uniq_ijyb

Skill      XL: |  1  2  3  4  5  6  7 |
---------------+----------------------+-----
Armour         | 4 |  4.8
Long Blades    | 3 |  3.8
Axes           | 2 |  2.3
Maces & Flails | 1 |  1.4
Dodging        | 1 |  1.1
Fighting       | |  3.8
Stealth        | |  0.8
Shields        | |  3.6

Action                   |  1- 3 |  4- 6 |  7- 9 || total
-------------------------+-------+-------+-------++-------
Melee: Long sword        |   107 |    81 |       ||   188
       Hand axe          |       |    63 |       ||    63
       Mace              |       |     5 |    10 ||    15
  Use: Scroll            |       |     3 |       ||     3
       Potion            |       |       |     1 ||     1
Armor: Scale mail        |    53 |    72 |     7 ||   132
Dodge: Dodged            |    36 |    65 |    10 ||   111
Block: Buckler           |    19 |    34 |     2 ||    55
